[Event "Late-Titled-Tuesday-Blitz-February-20-2024"]
[Site "Chess.com"]
[Date "2024.02.20"]
[Round "1"]
[White "Jadro9"]
[Black "glebus008"]
[Result "1-0"]
[WhiteElo "2626"]
[BlackElo "2323"]
[TimeControl "180+1"]
[EndTime "14:06:39 PST"]
[Termination "Jadro9 won on time"]

1. e4 Nc6 2. Nc3 e5 3. g3 Nf6 4. Bg2 Bc5 5. Nge2 a6 6. O-O d6 7. d3 h5 8. Bg5 Be6 9. Kh1 Qd7 10. f4 Bh3 11. Bxf6 gxf6 12. Nd5 Bxg2+ 13. Kxg2 O-O-O 14. Nxf6 Qe6 15. fxe5 dxe5 16. Nc3 h4 17. Qg4 Qxg4 18. Nxg4 hxg3 19. hxg3 Nd4 20. Rxf7 Nxc2 21. Rc1 Ne3+ 22. Nxe3 Bxe3 23. Rc2 Kb8 24. Nd5 Bb6 25. Nxb6 cxb6 26.
Rcc7 Rxd3 27. Rxb7+ Ka8 28. Ra7+ Kb8 29. Rfb7+ Kc8 30.
Rxb6 Rd2+ 31. Kf3 Rf8+ 32. Kg4 Rff2 33. Rh6 Kb8 34. Re7 Rd8 35. Rb6+ Kc8 36. Rg7 a5 37. Ra6 Kb8 38. Rxa5 Rxb2 39. Rxe5 Rxa2 40. Ree7 Ra3 41. e5 Rc3 42. Kf5 Rf8+ 43. Ke6 Rc6+ 44. Kd5 Rc1 45. e6 Rd8+ 46. Ke5 Re1+ 47. Kf5 Rf1+ 48. Kg4 Rg1 49. Rb7+ Ka8 50. Rbd7 Re8 51. e7 1-0

[Event "Late-Titled-Tuesday-Blitz-February-20-2024"]
[Site "Chess.com"]
[Date "2024.02.20"]
[Round "1"]
[White "Cambek64"]
[Black "PacingRope"]
[Result "0-1"]
[WhiteElo "2464"]
[BlackElo "2902"]
[TimeControl "180+1"]
[EndTime "14:06:40 PST"]
[Termination "PacingRope won by resignation"]

1. d4 Nf6 2. Nc3 d5 3. Bg5 h6 4. Bxf6 exf6 5. e3 c6 6. g3 Bd6 7.
Bg2 O-O 8. Nge2 Be6 9. O-O Re8 10. Nf4 Nd7 11. Nxe6 Rxe6 12. e4 dxe4 13. Nxe4 Bf8 14. c3 f5 15. Nd2 g6 16. Re1 Rxe1+ 17. Qxe1 Nf6 18. Qe2 Qc7 19. Re1 Re8 20. Qd1 Rxe1+ 21. Qxe1 Qb6 22. Qb1 c5 23. Nb3 cxd4 24. cxd4 a5 25.
Qc2 Qb4 26. Qc3 b6 27. Qxb4 Bxb4 28. Bc6 Kf8 29. f3 Ke7 30. a4 Kd6 31. Bb7 Nd5 32. Kf2 g5 33. Ke2 h5 34. Kd3 f4 35. Bxd5 Kxd5 36.
gxf4 gxf4 37. Nc1 Be7 38. Ne2 Bg5 39. Nc3+ Kc6 40. Ke4 Bh4 41. Kxf4 Be1 42. Kg5 Bxc3 43. bxc3 b5 44. axb5+ Kxb5 45. Kf6 a4 46. d5 Kc5 47.
Ke5 a3 48. d6 Kc6 0-1

[Event "Late-Titled-Tuesday-Blitz-February-20-2024"]
[Site "Chess.com"]
[Date "2024.02.20"]
[Round "1"]
[White "maxip32"]
[Black "Sajkochess"]
[Result "1-0"]
[WhiteElo "2658"]
[BlackElo "2354"]
[TimeControl "180+1"]
[EndTime "14:06:40 PST"]
[Termination "maxip32 won on time"]

1. e4 c6 2. d4 d5 3. e5 c5 4.
Nf3 Bg4 5. c4 cxd4 6. cxd5 Qxd5 7. Nc3 Bxf3 8. Nxd5 Bxd1 9. Nc7+ Kd7 10. Nxa8 Bc2 11.
e6+ fxe6 12. Bf4 Nc6 13. Rc1 Bf5 14. Bb5 e5 15. Bxe5 Nf6 16. O-O a6 17. Bxc6+ bxc6 18. Nb6+ Ke6 19. Rfe1 Kf7 20. Bxd4 e6 21. Rxc6 Be7 22.
Rc7 Rd8 23. Bc5 Ng8 24. h3 Kf6 25. Bxe7+ Nxe7 26. Nd7+ Kg5 27. Ne5 Kf6 28. Rxe7 Kxe7 29.
Nc6+ Kd7 30. Nxd8 Kxd8 31. Rc1 Kd7 32. b4 Be4 33. a4 Bc6 34. Rxc6 Kxc6 35. Kf1 Kd5 36.
Ke2 Kc4 37. b5 axb5 38. a5 Kc5 39. Kd3 b4 40. a6 Kb6 41. Kc4 Kxa6 42. Kxb4 Kb6 43.
Kc4 Kc6 44. Kd4 Kd6 45. f4 h6 46. Ke4 g6 47. g3 h5 48. g4 hxg4 49. hxg4 Kd7 50. Ke5 Ke7 51. g5 Kf7 52. Kd6 e5 53. fxe5 1-0

[Event "Late-Titled-Tuesday-Blitz-February-20-2024"]
[Site "Chess.com"]
[Date "2024.02.20"]
[Round "1"]
[White "cthake"]
[Black "WilsonPalencia21"]
[Result "0-1"]
[WhiteElo "1781"]
[BlackElo "2518"]
[TimeControl "180+1"]
[EndTime "14:06:44 PST"]
[Termination "WilsonPalencia21 won on time"]

1. e4 c5 2. Nf3 d6 3. d4 cxd4 4.
Nxd4 Nf6 5. Nc3 g6 6. Be3 Bg7 7. Bc4 O-O 8. f3 Nc6 9. Qd2 Ne5 10. Bb3 Bd7 11. O-O-O Rc8 12. Kb1 Re8 13. h4 h5 14.
g4 hxg4 15. h5 Nxh5 16. Rxh5 gxh5 17. Bh6 e6 18. Bxg7 Kxg7 19. f4 Nc4 20. Bxc4 Rxc4 21.
Rh1 Rh8 22. f5 Qf6 23. Nce2 e5 24. Nb3 Rxe4 25. Ng3 Bxf5 26. Rxh5 Rf4 27. Rxh8 Kxh8 28. Qh2+ Kg8 29. Nc1 Bg6 30. Nh5 Bxh5 31. Qxh5 Qf5 32. Qh6 Rf2 0-1

[Event "Late-Titled-Tuesday-Blitz-February-20-2024"]
[Site "Chess.com"]
[Date "2024.02.20"]
[Round "1"]
[White "stollenmonster"]
[Black "Fluffey"]
[Result "1-0"]
[WhiteElo "2861"]
[BlackElo "2431"]
[TimeControl "180+1"]
[EndTime "14:06:45 PST"]
[Termination "stollenmonster won by checkmate"]

1. e4 c5 2. Nf3 Nc6 3. Nc3 e5 4. Nd5 Be7 5. c3 Nf6 6. Bd3 d6 7. Bc2 Be6 8. Nxe7 Nxe7 9. O-O Ng6 10. d4 O-O 11. Be3 Qc7 12. Rc1 b6 13. Ng5 Bd7 14.
f4 exf4 15. Bxf4 Nxf4 16. Rxf4 h6 17. Rxf6 gxf6 18. Qh5 fxg5 19. Qxh6 f6 20. Qg6+ Kh8 21. e5 Be6 22. Qh6+ Kg8 23. exf6 Rf7 24. Re1 Re8 25.
Qxg5+ Kf8 26. Qh6+ Kg8 27. Re3 Qd7 28. Rg3+ Bg4 29.
Qg6+ Kf8 30. Rxg4 Re1+ 31. Kf2 Re2+ 32. Kxe2 Qe6+ 33. Re4 Qc4+ 34. Bd3 Qxa2 35. Qh6+ Kg8 36. Rg4+ Rg7 37. Qxg7# 1-0

[Event "Late-Titled-Tuesday-Blitz-February-20-2024"]
[Site "Chess.com"]
[Date "2024.02.20"]
[Round "1"]
[White "koncheto"]
[Black "GoltsevDmitry2000"]
[Result "0-1"]
[WhiteElo "2416"]
[BlackElo "2781"]
[TimeControl "180+1"]
[EndTime "14:06:45 PST"]
[Termination "GoltsevDmitry2000 won by resignation"]

1. e4 e6 2. d4 d5 3. Nd2 c5 4. exd5 exd5 5. Ngf3 Nf6 6. Bb5+ Nc6 7. O-O Be7 8. dxc5 Bxc5 9. Re1+ Be6 10. Nb3 Bb6 11. Nbd4 O-O 12. Bxc6 bxc6 13. Nxc6 Qd6 14. Ncd4 Bg4 15.
c3 Rfe8 16. Be3 Ne4 17. h3 Bh5 18. Qb3 Rab8 19. Qc2 Bg6 20. Rad1 Bc7 21. Qc1 Nc5 22. Re2 Nd3 23. Qa1 Be4 24. b3 h6 25. g3 Qf6 26.
Ne1 Nxe1 27. Rdxe1 Bb6 28. Kh2 Rbc8 29. Qc1 Bxd4 30.
Bxd4 Qf3 0-1

[Event "Late-Titled-Tuesday-Blitz-February-20-2024"]
[Site "Chess.com"]
[Date "2024.02.20"]
[Round "1"]
[White "The_Straightforward_Rook"]
[Black "Shtembuliak"]
[Result "0-1"]
[WhiteElo "2445"]
[BlackElo "2859"]
[TimeControl "180+1"]
[EndTime "14:06:47 PST"]
[Termination "Shtembuliak won by resignation"]

1. Nf3 Nf6 2. d4 d6 3. Nbd2 Bf5 4. Nh4 Bd7 5. e4 e5 6. Nhf3 exd4 7. Nxd4 Nc6 8. c3 d5 9. Nxc6 Bxc6 10. e5 Ne4 11.
Nxe4 dxe4 12. Qxd8+ Rxd8 13. Bf4 Bc5 14. Bc4 b5 15. Bb3 Bb6 16. O-O h6 17. h4 Ke7 18.
Rad1 a5 19. Rxd8 Rxd8 20. Rd1 Rxd1+ 21. Bxd1 Bd5 22. a3 a4 23. Kf1 Bc4+ 24. Be2 Bxe2+ 25. Kxe2 Ke6 26. g4 c6 27. h5 Kd5 28. f3 Bc5 29.
Bg3 exf3+ 30. Kxf3 Kc4 31. Kf4 Kb3 32. Kf5 Kxb2 33.
e6 fxe6+ 34. Kg6 Kxa3 35. Kxg7 Be3 36. Bh4 Kb3 37. g5 a3 38. gxh6 Bxh6+ 39. Kxh6 a2 40.
Bf6 a1=Q 41. Kg7 Qg1+ 42. Kf7 Qb1 43. Kg7 Qg1+ 44. Kf7 Qh2 45. Kg6 Qg3+ 46. Kh7 Qf3 47. Kg6 Qf5+ 0-1

[Event "Late-Titled-Tuesday-Blitz-February-20-2024"]
[Site "Chess.com"]
[Date "2024.02.20"]
[Round "1"]
[White "RantomOpening"]
[Black "martinmena"]
[Result "1-0"]
[WhiteElo "2557"]
[BlackElo "2190"]
[TimeControl "180+1"]
[EndTime "14:06:47 PST"]
[Termination "RantomOpening won on time"]

1. e4 c6 2. d4 d5 3. Nc3 dxe4 4. Nxe4 Nd7 5. Ng5 Ngf6 6. Bd3 e6 7. Qe2 Nb6 8. N1f3 h6 9. Ne4 Be7 10. O-O Nbd7 11. c3 Qc7 12. Ng3 b6 13. Ne5 Nxe5 14. dxe5 Nd5 15. Qg4 g6 16. Re1 Bb7 17. a3 O-O-O 18. Bc2 h5 19. Qf3 h4 20. Ne4 b5 21.
Ng5 Bxg5 22. Bxg5 Rdf8 23. Be4 Qxe5 24. Bd2 Qc7 25. b3 f5 26. Bd3 e5 27. Bc2 e4 28.
Qh3 g5 29. g3 g4 30. Qg2 f4 31.
Bxe4 fxg3 32. fxg3 hxg3 33. Qxg3 Rh3 34. Qxg4+ Qd7 35.
Bf5 1-0

[Event "Late-Titled-Tuesday-Blitz-February-20-2024"]
[Site "Chess.com"]
[Date "2024.02.20"]
[Round "1"]
[White "AndresDelgado77"]
[Black "subham777"]
[Result "0-1"]
[WhiteElo "2278"]
[BlackElo "2604"]
[TimeControl "180+1"]
[EndTime "14:06:49 PST"]
[Termination "subham777 won on time"]

1. e4 e6 2. d4 d5 3. e5 c5 4. c3 Nc6 5. Nf3 Qb6 6. Bd3 cxd4 7. a3 Bd7 8. O-O g6 9. Kh1 Bg7 10. cxd4 Nxd4 11. Be3 Ne7 12. Bxd4 Qc7 13. Re1 Nc6 14. Bc3 O-O 15. Bc2 Rac8 16. Nbd2 d4 17. Bxd4 Nxd4 18. Nxd4 Bxe5 19. N2f3 Bg7 20. Rc1 Qb8 21. b4 Rfd8 22. Qe2 a6 23. Nb3 Bb5 24. Qe3 Bb2 25.
Nbd4 Bxc1 26. Rxc1 Kg7 27. Nxb5 axb5 28. Qe5+ Qxe5 29. Nxe5 Rxc2 30. Re1 Re2 31. Rg1 Rxe5 0-1

[Event "Late-Titled-Tuesday-Blitz-February-20-2024"]
[Site "Chess.com"]
[Date "2024.02.20"]
[Round "1"]
[White "Abund"]
[Black "cthulhuuu"]
[Result "1-0"]
[WhiteElo "2797"]
[BlackElo "2421"]
[TimeControl "180+1"]
[EndTime "14:06:51 PST"]
[Termination "Abund won by resignation"]

1. Nf3 Nf6 2. c4 g6 3. g3 Bg7 4. Bg2 O-O 5. O-O d6 6. d3 c5 7. Nc3 Nc6 8. a3 Rb8 9. Rb1 b6 10. b4 Bb7 11. e3 e6 12. Qe2 Qd7 13. Rd1 cxb4 14. axb4 d5 15. Ba3 Rfd8 16. b5 Na5 17. c5 bxc5 18. Bxc5 Ba8 19. Ra1 Nb3 20. Rxa7 Nxc5 21. Rxd7 Nfxd7 22. d4 Ne4 23. Na4 Nb6 24. Nxb6 Rxb6 25. Qd3 Rdb8 26. Ra1 Bb7 27. Ne5 Bxe5 28.
dxe5 Bc8 29. Bxe4 dxe4 30. Qd8+ Kg7 31. Qf6+ Kg8 32. Rd1 Bb7 33. Rd8+ Rxd8 34. Qxd8+ 1-0

[Event "Late-Titled-Tuesday-Blitz-February-20-2024"]
[Site "Chess.com"]
[Date "2024.02.20"]
[Round "1"]
[White "gshwbedhkhd"]
[Black "StrackedAktonamee"]
[Result "1-0"]
[WhiteElo "2609"]
[BlackElo "2281"]
[TimeControl "180+1"]
[EndTime "14:06:54 PST"]
[Termination "gshwbedhkhd won on time"]

1. f4 d5 2. Nf3 c5 3. g3 Nc6 4. Bg2 g6 5. O-O Bg7 6. d3 Nf6 7. Qe1 O-O 8. Na3 d4 9. c3 Nd5 10. Bd2 e5 11. fxe5 Nxe5 12. Nxe5 Bxe5 13. Nc4 Bg7 14. Rc1 b5 15. Na3 Rb8 16. Nc2 Re8 17. cxd4 cxd4 18. Qf2 Qd7 19. Nxd4 Bb7 20. Nb3 Qe7 21.
Nc5 Ba8 22. e4 Nb6 23. Be3 Na4 24. b3 Nc3 25. Rc2 b4 26. Na6 Rbc8 27. Bd4 Bxd4 28. Qxd4 Red8 29. Qxb4 Qe5 30. Rcf2 Rxd3 31. Rxf7 Ne2+ 32.
Kh1 Nxg3+ 33. hxg3 Qh5+ 34. Kg1 Rd6 35. Qxd6 1-0

[Event "Late-Titled-Tuesday-Blitz-February-20-2024"]
[Site "Chess.com"]
[Date "2024.02.20"]
[Round "1"]
[White "CarlosjPineror"]
[Black "igorknyazev"]
[Result "1-0"]
[WhiteElo "2565"]
[BlackElo "2200"]
[TimeControl "180+1"]
[EndTime "14:06:54 PST"]
[Termination "CarlosjPineror won by resignation"]

1. e4 e5 2. Nf3 Nf6 3. Nxe5 Nxe4 4. Qe2 Qe7 5. Qxe4 d6 6. d4 dxe5 7. dxe5 Nc6 8. Bb5 Bd7 9. Bf4 g5 10. Bg3 f5 11. Qa4 f4 12. O-O Qb4 13. e6 Qxa4 14. exd7+ Kxd7 15. Bxa4 fxg3 16. hxg3 Re8 17. Nc3 Bg7 18.
Rad1+ Kc8 19. Rfe1 Rxe1+ 20. Rxe1 Nd4 21. Re7 Rg8 22.
Rf7 c6 23. Ne4 b5 24. Bb3 Nxb3 25. axb3 h6 26. c3 Kb8 27. f4 b4 28. cxb4 Bxb2 29.
Nc5 Bd4+ 30. Kf1 Bxc5 31. bxc5 gxf4 32. gxf4 Rg3 33. f5 Rxb3 34. f6 Rb4 35. g3 Rb3 36. Kf2 Rb2+ 37. Kf3 Rb1 38. Kf4 a5 39. Re7 Rf1+ 40.
Ke5 a4 41. f7 a3 42. Re8+ Kb7 43. f8=Q Rxf8 44. Rxf8 Ka6 45. Rf1 Kb5 46. Kd6 h5 47. Rh1 a2 48. Rg1 h4 49. gxh4 Kc4 50. Kxc6 1-0

[Event "Late-Titled-Tuesday-Blitz-February-20-2024"]
[Site "Chess.com"]
[Date "2024.02.20"]
[Round "1"]
[White "Slovineanu"]
[Black "AradNazari"]
[Result "1-0"]
[WhiteElo "2430"]
[BlackElo "2761"]
[TimeControl "180+1"]
[EndTime "14:06:55 PST"]
[Termination "Slovineanu won by resignation"]

1. d4 Nf6 2. Nf3 g6 3. Nbd2 d5 4. e3 Bg7 5. b4 O-O 6. c4 c6 7. a4 Bf5 8. Be2 Ne4 9. Qb3 a5 10. b5 e6 11. O-O Nd7 12. cxd5 cxd5 13. Ba3 Re8 14. Rfc1 g5 15. h3 h6 16. Nxe4 Bxe4 17. Bd6 Bf8 18. Bxf8 Rxf8 19. Rc3 Rc8 20. Rac1 Rxc3 21.
Qxc3 Qb6 22. Qc7 Qxc7 23. Rxc7 Nb6 24. Rxb7 Nxa4 25. Ra7 Nc3 26. Kf1 a4 27. b6 Rb8 28.
b7 Kg7 29. Ne5 a3 30. Nc6 Rxb7 31. Rxb7 a2 32. Ra7 Bb1 33. Nb4 Kf6 34. Ke1 e5 35.
dxe5+ Kxe5 36. f3 d4 37. Kd2 f5 38. exd4+ Kxd4 39. Nc6+ Kc5 40. Kxc3 Kxc6 41. Bc4 Kb6 42. Ra3 1-0

[Event "Late-Titled-Tuesday-Blitz-February-20-2024"]
[Site "Chess.com"]
[Date "2024.02.20"]
[Round "1"]
[White "JaackCamel"]
[Black "MaestroCheck"]
[Result "0-1"]
[WhiteElo "2172"]
[BlackElo "2551"]
[TimeControl "180+1"]
[EndTime "14:06:58 PST"]
[Termination "MaestroCheck won by resignation"]

1. d4 d5 2. c4 c6 3. cxd5 cxd5 4. Bf4 Nc6 5. e3 Nf6 6. Nc3 a6 7. Bd3 Bg4 8. Nge2 e6 9. O-O Be7 10. h3 Bh5 11. Rc1 O-O 12. Na4 Nd7 13. a3 e5 14.
dxe5 Ndxe5 15. Nc5 Qb6 16. b4 Rad8 17. Qb3 Rfe8 18. Ng3 Nxd3 19. Qxd3 Bg6 20. Qb3 d4 21. exd4 Nxd4 22. Qc4 Rc8 23. Qxd4 Bf6 24. Qd6 Rc6 25.
Qd5 Rd8 26. Qa2 Qb5 27. Rfd1 Rdc8 28. Nd7 Rxc1 29. Nxf6+ gxf6 30. Bxc1 Rc2 31. Qb3 Qc6 32. Be3 Kg7 33. Qd5 Qc7 34. Nf5+ Bxf5 35. Qxf5 Rc6 36. g3 b6 37. h4 Rd6 38. Rc1 Qd7 39. Qg4+ Qxg4 0-1

[Event "Late-Titled-Tuesday-Blitz-February-20-2024"]
[Site "Chess.com"]
[Date "2024.02.20"]
[Round "1"]
[White "Sacbutt"]
[Black "reevecanada"]
[Result "0-1"]
[WhiteElo "2306"]
[BlackElo "2617"]
[TimeControl "180+1"]
[EndTime "14:07:00 PST"]
[Termination "reevecanada won by resignation"]

1. d4 c5 2. d5 d6 3. c4 Nd7 4.
Nc3 a6 5. Nf3 Ngf6 6. e4 g6 7.
Qd2 Bg7 8. Qc2 O-O 9. h3 Qa5 10.
Bd2 Qc7 11. Bd3 b6 12. O-O Bb7 13. Rfe1 Ne5 14. Nxe5 dxe5 15. Rf1 Ne8 16. Rad1 Nd6 17. b3 f5 18. f4 fxe4 19. Nxe4 Nxe4 20. Bxe4 exf4 21.
d6 exd6 22. Bxb7 Qxb7 23. Bxf4 Bd4+ 24. Kh1 Rf6 25. Bg5 Rxf1+ 26. Rxf1 Rf8 27. Rxf8+ Kxf8 28. Qe2 Qf7 29. h4 Kg7 30. h5 gxh5 31. Be7 Be5 32. Bd8 Qf5 33. Kg1 Kg6 34. Bxb6 Bg3 35. Qe8+ Kh6 36. Qe3+ Bf4 37. Qe2 h4 38. Bd8 h3 39.
gxh3 Qxh3 40. Qg2 Be3+ 41. Kf1 Qf5+ 42. Ke2 Bg5 43. Qh2+ Kg7 44. Qxd6 Qe4+ 45. Kf2 Be3+ 46. Kf1 Qf3+ 47. Ke1 Qf2+ 48. Kd1 Qf1+ 49. Kc2 Qc1+ 0-1

[Event "Late-Titled-Tuesday-Blitz-February-20-2024"]
[Site "Chess.com"]
[Date "2024.02.20"]
[Round "1"]
[White "Kiborg95"]
[Black "KorolDimitriy75"]
[Result "1-0"]
[WhiteElo "2818"]
[BlackElo "2428"]
[TimeControl "180+1"]
[EndTime "14:07:01 PST"]
[Termination "Kiborg95 won on time"]

1. e4 c5 2. Nc3 g6 3. Nge2 Bg7 4. d4 cxd4 5. Nxd4 d6 6. Be3 Nf6 7. f3 O-O 8. Bc4 Nc6 9. Bb3 Bd7 10. h4 Qa5 11.
Qd2 Rfc8 12. O-O-O Ne5 13. Kb1 b5 14. Ncxb5 Qxd2 15.
Rxd2 Rab8 16. Nc3 Nc4 17. Bxc4 Rxc4 18. Nb3 a5 19. Rd4 Rxc3 20. bxc3 a4 21. Rb4 Rxb4 22. cxb4 axb3 23. cxb3 d5 24. e5 Ne8 25. f4 f6 26.
Bd4 Nc7 27. exf6 exf6 28. g3 Bf5+ 29. Kc1 Be4 30. Rd1 f5 31. Bxg7 Kxg7 32. a4 Kf6 33. b5 Ke6 34. Kb2 Kd6 35. b4 Ne6 36. a5 d4 37. b6 Kc6 38. Kb3 Kb5 39. Re1 d3 40.
Kc3 Nd8 41. Re3 Nb7 42. g4 Nd6 43. g5 Nc4 44. Rxe4 fxe4 45. b7 d2 46. b8=Q+ Ka4 47.
Qd8 1-0

[Event "Late-Titled-Tuesday-Blitz-February-20-2024"]
[Site "Chess.com"]
[Date "2024.02.20"]
[Round "1"]
[White "Tunahan_Makaraci"]
[Black "Bala-Afiada"]
[Result "1-0"]
[WhiteElo "2523"]
[BlackElo "1960"]
[TimeControl "180+1"]
[EndTime "14:07:01 PST"]
[Termination "Tunahan_Makaraci won on time"]

1. e4 c5 2. Nf3 Nc6 3. c3 Nf6 4. e5 Nd5 5. Bc4 Nb6 6. Bb3 c4 7. Bc2 e6 8. O-O d6 9. exd6 Bxd6 10. b3 O-O 11. Na3 cxb3 12. axb3 Bd7 13. d4 Ne7 14. Nc4 Nxc4 15. bxc4 Qc7 16. Qe2 Ng6 17. h4 Nf4 18.
Bxf4 Bxf4 19. g3 Bd6 20. c5 Bxg3 21. fxg3 Qxg3+ 22. Qg2 Qf4 23. Bxh7+ Kh8 24. Ne5 Qxh4 25. Nxd7 Rfd8 26. Rxf7 Qxh7 27. Raf1 Rg8 28. Ne5 Qh6 29.
R1f3 1-0

[Event "Late-Titled-Tuesday-Blitz-February-20-2024"]
[Site "Chess.com"]
[Date "2024.02.20"]
[Round "1"]
[White "viniciusrego"]
[Black "CSB7"]
[Result "0-1"]
[WhiteElo "2412"]
[BlackElo "2772"]
[TimeControl "180+1"]
[EndTime "14:07:04 PST"]
[Termination "CSB7 won by resignation"]

1. e4 e5 2. Nf3 Nf6 3. d3 Nc6 4.
Be2 d5 5. Nbd2 Bc5 6. c3 a5 7. b3 O-O 8. O-O Re8 9. a3 d4 10. cxd4 Nxd4 11. Nxd4 Bxd4 12. Rb1 Qe7 13. Kh1 Nd7 14.
f4 exf4 15. Nf3 Be3 16. Bb2 Nf8 17. Qc2 Ra6 18. Rbd1 Rc6 19. Qb1 Rb6 20. Bc3 Qxa3 21.
Qa1 Qxa1 22. Rxa1 Rxb3 23. Bxa5 c6 24. Rfb1 Rxb1+ 25. Rxb1 b5 26. Nd2 Ne6 27. Nb3 Nd4 28. Nxd4 Bxd4 29. Bd2 Be5 30. Kg1 Be6 31. Rc1 Rc8 32.
Kf2 f6 33. Kf3 g5 34. h4 h6 35. hxg5 hxg5 36. Be1 c5 37. g3 g4+ 38. Kg2 f3+ 39.
Bxf3 gxf3+ 40. Kxf3 b4 0-1

[Event "Late-Titled-Tuesday-Blitz-February-20-2024"]
[Site "Chess.com"]
[Date "2024.02.20"]
[Round "1"]
[White "omulcafea"]
[Black "AlexeiShirov"]
[Result "0-1"]
[WhiteElo "2444"]
[BlackElo "2847"]
[TimeControl "180+1"]
[EndTime "14:07:06 PST"]
[Termination "AlexeiShirov won by resignation"]

1. e4 e5 2. Nf3 Nc6 3. g3 d5 4.
exd5 Qxd5 5. Nc3 Qa5 6. Bg2 Nf6 7. O-O Bg4 8. h3 Bh5 9. Qe2 O-O-O 10. Qc4 Nd4 11. Nxd4 Rxd4 12. Qb5 Qxb5 13. Nxb5 Rb4 14. Nc3 e4 15. Re1 Bg6 16. a3 Rc4 17. g4 h6 18. b3 Rd4 19. Nb5 Rd5 20. Nc3 Rd4 21. Bb2 Rxd2 22. Nxe4 Nxe4 23. Bxe4 Bc5 24. Bxg6 fxg6 25.
Bxg7 Rg8 26. Bxh6 Bxf2+ 27. Kf1 Bxe1 28. Bxd2 Bxd2 29. Ke2 Bc3 30. Rf1 Re8+ 31. Kd3 Be5 32. Rf7 Rh8 33. Rf3 g5 34. Ke4 Bf4 35. c4 c6 36. Kf5 Kc7 37. c5 Rf8+ 38. Ke4 Re8+ 39.
Kf5 Re5+ 40. Kg6 Re6+ 41. Kf5 Rh6 42. b4 b6 43. cxb6+ axb6 44. Rc3 Rh8 45. a4 Rf8+ 46. Ke4 Re8+ 47. Kf5 c5 48. bxc5 Re5+ 49. Kg6 Rxc5 50.
Rb3 Rc4 0-1

[Event "Late-Titled-Tuesday-Blitz-February-20-2024"]
[Site "Chess.com"]
[Date "2024.02.20"]
[Round "1"]
[White "Maxfan2008"]
[Black "boguszp"]
[Result "0-1"]
[WhiteElo "2511"]
[BlackElo "2013"]
[TimeControl "180+1"]
[EndTime "14:07:06 PST"]
[Termination "boguszp won on time"]

1. d4 d5 2. c4 c6 3. Nc3 Nf6 4.
e3 e6 5. Nf3 Nbd7 6. Bd3 Bd6 7.
O-O O-O 8. e4 dxe4 9. Nxe4 Nxe4 10. Bxe4 f5 11. Bc2 e5 12. Re1 e4 13. Ng5 Nf6 14. h4 h6 15. Nh3 Ng4 16. g3 Qc7 17.
Bf4 Bxf4 18. Nxf4 Qf7 19. d5 c5 20. b4 b6 21. bxc5 bxc5 22. Ba4 g5 23. hxg5 hxg5 24. Ng2 Qh5 25. Kf1 Ba6 26. Ke2 Bxc4+ 27. Kd2 Rad8 28. Rh1 Rxd5+ 29. Kc3 Rxd1 30. Rxh5 Rxa1 31.
Kxc4 Rc1+ 32. Kb5 Nxf2 33. Rxg5+ Kh7 34. Nf4 Rb8+ 35. Kc6 Rb6+ 36. Kc7 Nd3 37. Be8 Nxf4 38. gxf4 e3 39. Kd7 e2 40. Ke7 e1=Q+ 41. Kf8 c4 42. Bf7 Qb4+ 43. Ke8 Rb8+ 44. Kd7 Rd1+ 0-1

[Event "Late-Titled-Tuesday-Blitz-February-20-2024"]
[Site "Chess.com"]
[Date "2024.02.20"]
[Round "1"]
[White "only_strong_moves"]
[Black "AlejandroArias"]
[Result "1-0"]
[WhiteElo "2669"]
[BlackElo "2353"]
[TimeControl "180+1"]
[EndTime "14:07:07 PST"]
[Termination "only_strong_moves won on time"]

1. e4 c5 2. Nf3 g6 3. d4 cxd4 4.
Nxd4 Nc6 5. c4 Nf6 6. Nc3 d6 7.
Be2 Nxd4 8. Qxd4 Bg7 9. O-O O-O 10. Qd2 Be6 11. b3 a6 12. Bb2 Qa5 13. Rfd1 Rfc8 14. Bf1 b5 15. cxb5 axb5 16. f3 b4 17. Ne2 Nd7 18. Bxg7 Kxg7 19. Nd4 Rc5 20. Qb2 Kg8 21. Rd2 Nb6 22. f4 Bd7 23. Re1 Be8 24. h3 Rac8 25. Nf3 Nd7 26. Kh2 Rc3 27. e5 dxe5 28. fxe5 Nf8 29.
Rf2 R8c5 30. Qd2 Bc6 31. Ng5 Be8 32. Nxf7 Bxf7 33. Qf4 Qd8 34. Qxf7+ Kh8 35. Qxf8+ Qxf8 36.
Rxf8+ Kg7 37. Rf2 Rd5 38. Bc4 Rd4 39. Rf7+ Kh6 40. Rxe7 Rd2 41. Re2 Rcc2 42. Rxd2 Rxd2 43. e6 Rxa2 44. Rf7 1-0

[Event "Late-Titled-Tuesday-Blitz-February-20-2024"]
[Site "Chess.com"]
[Date "2024.02.20"]
[Round "1"]
[White "Polstastisch"]
[Black "JoakimVonAnd"]
[Result "0-1"]
[WhiteElo "2366"]
[BlackElo "2693"]
[TimeControl "180+1"]
[EndTime "14:07:08 PST"]
[Termination "JoakimVonAnd won on time"]

1. e4 c6 2. Nc3 d5 3. Nf3 Nf6 4. e5 Ne4 5. d4 Nxc3 6. bxc3 c5 7. Bd3 Nc6 8. O-O c4 9. Be2 Bf5 10. Nh4 Bc8 11. f4 e6 12. Qe1 Be7 13. Nf3 Bd7 14.
Qg3 Rg8 15. Rb1 Qc7 16. Ng5 h6 17. Nxf7 Kxf7 18. f5 Ke8 19. f6 Kd8 20. Bxh6 Bxf6 21. Rxf6 Ne7 22. Rf7 Be8 23. Rxe7 Kxe7 24. Bxg7 Kd7 25.
Rf1 Kc6 26. Bxc4 Qxg7 27. Bb5+ Kxb5 28. Qd3+ Kc6 29. g3 Bg6 30. Qe2 Be4 31. Rb1 a6 32. c4 Qg4 33. Qf1 Qf3 34. cxd5+ Bxd5 35. Qxf3 Bxf3 0-1

[Event "Late-Titled-Tuesday-Blitz-February-20-2024"]
[Site "Chess.com"]
[Date "2024.02.20"]
[Round "1"]
[White "janhelmer03"]
[Black "MrKGG1"]
[Result "0-1"]
[WhiteElo "2235"]
[BlackElo "2589"]
[TimeControl "180+1"]
[EndTime "14:07:08 PST"]
[Termination "MrKGG1 won by resignation"]

1. d4 Nf6 2. c4 e6 3. Nf3 Bb4+ 4. Nbd2 c5 5. a3 Bxd2+ 6. Qxd2 cxd4 7. Nxd4 O-O 8. g3 d5 9. Bg2 dxc4 10. O-O Nbd7 11. Qc3 Nb6 12. Bg5 h6 13. Bxf6 Qxf6 14. Nb5 Qxc3 15. bxc3 Na4 16. Rac1 Rb8 17. Nxa7 Bd7 18.
Rfd1 Rfd8 19. Rd4 Ra8 20. Bxb7 Rxa7 21. Bc6 Nb6 22. Rcd1 Rc7 23. Bb5 Kf8 24. a4 Ke7 25.
a5 Nd5 26. Bxd7 Rdxd7 27. a6 Nb6 28. e3 Rxd4 29. exd4 Kd7 30. Ra1 Ra7 31. Kg2 Kc6 32.
Kf3 Kb5 33. Ke4 f6 34. f4 Rxa6 35. Rxa6 Kxa6 36. f5 exf5+ 37. Kxf5 Nd5 38. Kg6 Nxc3 39. Kxg7 Nd5 40. Kxh6 c3 0-1

[Event "Late-Titled-Tuesday-Blitz-February-20-2024"]
[Site "Chess.com"]
[Date "2024.02.20"]
[Round "1"]
[White "Perecke"]
[Black "Beca95"]
[Result "0-1"]
[WhiteElo "2467"]
[BlackElo "2905"]
[TimeControl "180+1"]
[EndTime "14:07:09 PST"]
[Termination "Beca95 won on time"]

1. e4 c6 2. d4 d5 3. e5 Bf5 4. h4 h6 5. Bd3 Bxd3 6. Qxd3 e6 7. Ne2 c5 8. c4 dxc4 9. Qxc4 Nc6 10. O-O cxd4 11. Rd1 Nge7 12. Nxd4 Nxd4 13. Rxd4 Qc8 14. Nc3 Qxc4 15. Rxc4 Nc6 16. f4 O-O-O 17. Be3 Kb8 18. Kf2 h5 19. a3 Be7 20. b4 Bxh4+ 21. Ke2 Be7 22. Ne4 Rd5 23. Rb1 Rhd8 24. Bc5 b6 25. Bxb6 axb6 26. Rxc6 Kb7 27. Rbc1 R8d7 28. R1c4 f5 29.
exf6 gxf6 30. Rxe6 f5 31. Nf2 Bh4 32. Rc2 Rg7 33.
Rcc6 Rxg2 34. Rxb6+ Kc7 35. Rec6+ Kd7 36. Rh6 Rxf2+ 37.
Ke3 Rfd2 38. Rh7+ Kc8 39. Rc6+ Kd8 40. Rc3 Bf6 41. Rb3 Rh2 42. Rb1 Rh3+ 43. Kf2 Rd2+ 0-1

[Event "Late-Titled-Tuesday-Blitz-February-20-2024"]
[Site "Chess.com"]
[Date "2024.02.20"]
[Round "1"]
[White "FredddieCroderg"]
[Black "zverr1"]
[Result "1-0"]
[WhiteElo "2198"]
[BlackElo "2537"]
[TimeControl "180+1"]
[EndTime "14:07:10 PST"]
[Termination "FredddieCroderg won on time"]

1. d4 Nf6 2. c4 g6 3. Nc3 d5 4. Nf3 Bg7 5. Qb3 c6 6. cxd5 cxd5 7. Bg5 e6 8. e3 O-O 9. Be2 Nc6 10.
O-O Na5 11. Qd1 Bd7 12. Ne5 Qe7 13. a3 Rfc8 14. Nxd7 Qxd7 15. Rc1 Nc4 16. Bxc4 Rxc4 17. Qf3 Ne8 18. Rc2 Rac8 19. Rfc1 Nd6 20. Bf6 b5 21. Bxg7 Kxg7 22. h4 a5 23. h5 b4 24. h6+ Kxh6 25.
axb4 axb4 26. Qf6 bxc3 27. g4 Ne4 28. g5+ Nxg5 29. f4 Nh3+ 30. Kg2 cxb2 31. Rh1 Rxc2+ 32. Kg3 Rg2+ 33. Kxg2 Rc2+ 34. Kg3 1-0